 Dungeon Crawl Stone Soup version 0.29.1-12-g30fa7ad0bf (webtiles) character file.

Game seed: 4619380240778810555

25 zeram the Trooper (level 3, -1/33 HPs)
             Began as a Hill Orc Fighter on Dec 13, 2022.
             Slain by Terence
             ... wielding a +0 flail
              (12 damage)
             ... on level 2 of the Dungeon.
             The game lasted 00:01:04 (883 turns).

zeram the Trooper (Hill Orc Fighter)                 Turns: 883, Time: 00:01:04

Health: -1/33      AC:  7    Str: 20    XL:     3   Next: 4%
Magic:  3/3        EV:  9    Int:  8    God:
Gold:   57         SH:  4    Dex: 10    Spells: 2/2 levels left

rFire   . . .      SeeInvis .   a - +1 war axe (vamp)
rCold   . . .      Faith    .   c - +0 buckler
rNeg    . . .      Spirit   .   b - +0 scale mail
rPois   .          Reflect  .   (no helmet)
rElec   .          Harm     .   (no cloak)
rCorr   .          Rampage  .   (no gloves)
Will    .....                   (no boots)
Stlth   ..........              (no amulet)
HPRegen 0.11/turn               (no ring)
MPRegen 0.08/turn               (no ring)

@: mighty
A: no striking features
a: no special abilities


You were on level 2 of the Dungeon.
You visited 1 branch of the dungeon, and saw 2 of its levels.

You collected 57 gold pieces.

Inventory:

Hand Weapons
 a - a +1 vampiric war axe (weapon)
Armour
 b - a +0 scale mail (worn)
 c - a +0 buckler (worn)
Potions
 e - 2 potions of haste
 h - a potion of lignification {unknown}


   Skills:
 + Level 3.7 Fighting
 + Level 3.2 Axes
 + Level 3.7 Armour
 + Level 3.7 Shields


You had 2 spell levels left.
You didn't know any spells.
Your spell library was empty.

Dungeon Overview and Level Annotations

Branches:
Dungeon (2/15)

Altars:
Beogh

Annotations:
D:2 Terence


Message History

A goblin is nearby!
A dart slug comes into view.
Terence the Incautious comes into view.
He is wielding a +0 flail.
Found a stone staircase leading down.
Terence shouts!
You hear a shout!
You block the goblin's attack.
Terence moves out of view.
You hit the goblin.
The goblin is severely wounded.
The goblin barely misses you.
You slash the goblin!
You kill the goblin!
You hit the dart slug.
The dart slug is moderately wounded.
The dart slug closely misses you.
A hobgoblin comes into view.
You slash the dart slug!
You kill the dart slug!
You have reached level 3!
Your experience leads to an increase in your attributes!
Increase (S)trength, (I)ntelligence, or (D)exterity?
You feel stronger. x2
Found 16 gold pieces.
Found a stone.
You block Terence's attack.
You barely miss Terence. Terence hits you with a +0 flail.
Terence drinks a potion.
Terence seems to grow stronger.
You hit Terence but do no damage.
Terence shouts, "Get ready for death!"
Terence closely misses you.
You barely miss Terence. Terence hits you with a +0 flail.
You hit Terence but do no damage. Terence hits you with a +0 flail!
Terence closely misses you.
Unknown command.
You feel very mighty all of a sudden. Terence hits you but does no damage.
You barely miss Terence. Terence hits you with a +0 flail.
* * * LOW HITPOINT WARNING * * *
You slash Terence!
You feel better.
Terence is heavily wounded.
Terence hits you with a +0 flail!
You die...

..# ..# .. ###$#
# . ...#.### ...
#...... ##
..>..###.##.##...
.....g@@..)......
.....###..>.##.
... ##..### (
#...####.#
#........#
#...######
###....###
#.......#
##.#####...


You could see Terence (strong) and a hobgoblin.

Vanquished Creatures
  4 dart slugs
  2 endoplasms (D:1)
  A giant cockroach (D:1)
  2 goblins
  A hobgoblin (D:1)
  A quokka (D:1)
  2 frilled lizards (D:1)
  4 rats (D:1)
17 creatures vanquished.

Notes
Turn   | Place    | Note
-------+----------+-------------------------------------------
     0 | D:1      | zeram the Hill Orc Fighter began the quest for the Orb.
     0 | D:1      | Reached XP level 1. HP: 19/19 MP: 1/1
   303 | D:1      | Reached XP level 2. HP: 18/27 MP: 2/2
   581 | D:1      | Found a roughly hewn altar of Beogh.
   659 | D:1      | Found a faded altar of an unknown god.
   870 | D:2      | Noticed Terence
   875 | D:2      | Reached XP level 3. HP: 33/33 MP: 3/3
   883 | D:2      | Slain by Terence

Illustrated notes

Levels and vault maps discovered:
D:1:      dpeg_arrival_triangle_fractal, layout_basic,
          hellmonk_ecumenical_altar_defaced_shrine
D:2:      layout_loops_cross, serial_shops, nicolae_shop_stone, uniq_terence

Skill      XL: |  1  2 |
---------------+-------+-----
Axes           | 3 |  3.2
Fighting       | |  3.7
Armour         | |  3.7
Shields        | |  3.7

Action                   || total
-------------------------++-------
Melee: War axe           ||    43
  Use: Scroll            ||     5
       Potion            ||     1
Armor: Scale mail        ||    12
Dodge: Dodged            ||    21
Block: Buckler           ||     9
